[Event "Late-Titled-Tuesday-Blitz-June-25-2024"]
[Site "Chess.com"]
[Date "2024.06.25"]
[Round "11"]
[White "1g60-1"]
[Black "SujanaLohani"]
[Result "0-1"]
[WhiteElo "2439"]
[BlackElo "2316"]
[TimeControl "180+1"]
[EndTime "16:04:25 PDT"]
[Termination "SujanaLohani won by resignation"]

1. e4 c5 2. Nf3 Nc6 3. d4 cxd4 4. Nxd4 Nf6 5. Nc3 e5 6. Ndb5 d6 7. Bg5 a6 8. Bxf6 gxf6 9. Na3 Bg7 10. Nd5 O-O 11. Bd3 Ne7 12. Nxe7+ Qxe7 13. O-O Rd8 14. Bc4 f5 15. exf5 Bxf5 16. Bd5 Rac8 17. c3 b5 18. Re1 Qg5 19. Re3 Kh8 20. Rg3 Qf6 21. Nc2 Bh6 22. Ne3 Bf4 23. Nxf5 Qxf5 24. Rh3 Rg8 25.
Qe2 Qxh3 26. g3 Rg7 27. Bg2 Qh6 28. gxf4 Rcg8 0-1

[Event "Late-Titled-Tuesday-Blitz-June-25-2024"]
[Site "Chess.com"]
[Date "2024.06.25"]
[Round "11"]
[White "PapaieDudu"]
[Black "jcmesafischer"]
[Result "1-0"]
[WhiteElo "2448"]
[BlackElo "2350"]
[TimeControl "180+1"]
[EndTime "16:04:36 PDT"]
[Termination "PapaieDudu won on time"]

1. Nf3 d5 2. d4 Nf6 3. c4 e6 4. Nc3 Be7 5. Bg5 Nbd7 6. e3 c6 7. Bd3 dxc4 8. Bxc4 b5 9. Bb3 a6 10. O-O O-O 11. Qe2 c5 12. Rfd1 cxd4 13. exd4 Bb7 14. Ne5 Nb6 15. Nxf7 Rxf7 16. Qxe6 Nfd5 17. Nxd5 Bxd5 18.
Bxe7 Bxe6 19. Bxd8 Bxb3 20. Bxb6 Bxd1 21. Rxd1 Rd7 22. b4 Rc8 23. Bc5 Re8 24. Kf1 Rd5 25.
g3 g5 26. h3 Kf7 27. Kg2 Re2 28. a3 h5 29. Kf3 Re6 30. g4 Rf6+ 31. Kg3 h4+ 32.
Kg2 Re6 33. Kf3 1-0

[Event "Late-Titled-Tuesday-Blitz-June-25-2024"]
[Site "Chess.com"]
[Date "2024.06.25"]
[Round "11"]
[White "smallbaba"]
[Black "Alexander_Khlebovich"]
[Result "0-1"]
[WhiteElo "2628"]
[BlackElo "2818"]
[TimeControl "180+1"]
[EndTime "16:04:39 PDT"]
[Termination "Alexander_Khlebovich won by resignation"]

1. e4 c5 2. Nc3 Nc6 3. Bb5 Nd4 4.
Nf3 a6 5. Bd3 g6 6. O-O Bg7 7.
Nxd4 cxd4 8. Ne2 d5 9. c3 dxe4 10. Bxe4 Nf6 11. Bd3 dxc3 12. dxc3 O-O 13. Be3 Nd5 14.
Bd4 e5 15. Bc5 Re8 16. Bc4 Be6 17. Ba3 Nxc3 18. Qxd8 Raxd8 19. Nxc3 Bxc4 20. Rfd1 f5 21. f3 Rd3 22. Rxd3 Bxd3 23. Rd1 e4 24. Bc5 Rc8 25. Be3 Bxc3 26. bxc3 Rxc3 27. Rc1 Bc2 28. Bd2 Rc4 29. fxe4 fxe4 30. Kf2 Kf7 31. Be3 Ke6 32. Ke1 Kd5 33.
Kd2 Bd3 34. Rxc4 Kxc4 35. a4 Kb4 36. Ba7 Kxa4 37. Kc3 Kb5 38. Kd4 a5 39. Ke5 Kc4 40.
Kf4 a4 41. Bb8 b5 42. Be5 b4 43. Ba1 a3 44. Bg7 b3 0-1

[Event "Late-Titled-Tuesday-Blitz-June-25-2024"]
[Site "Chess.com"]
[Date "2024.06.25"]
[Round "11"]
[White "Eloist"]
[Black "HajiyevKanan"]
[Result "0-1"]
[WhiteElo "2454"]
[BlackElo "2594"]
[TimeControl "180+1"]
[EndTime "16:04:39 PDT"]
[Termination "HajiyevKanan won on time"]

1. e4 a6 2. d4 c6 3. c4 d5 4. Nc3 dxe4 5. Nxe4 Bf5 6. Ng3 Bg6 7. Nf3 Nd7 8. h4 h6 9. h5 Bh7 10. Bd3 Bxd3 11. Qxd3 e6 12. Bd2 Ngf6 13. O-O-O Qb6 14. Bc3 O-O-O 15. Qe2 Bb4 16. Bxb4 Qxb4 17. Kb1 a5 18.
Ne5 Rhf8 19. f4 a4 20. Rd3 Kc7 21. Rc1 Ra8 22. d5 Nc5 23. Rdd1 a3 24. b3 exd5 25.
cxd5 Nxd5 26. Rxd5 cxd5 27. Nd3 Qd4 28. Rxc5+ Kb6 29.
Qc2 Rac8 0-1

[Event "Late-Titled-Tuesday-Blitz-June-25-2024"]
[Site "Chess.com"]
[Date "2024.06.25"]
[Round "11"]
[White "King_Deded4d5"]
[Black "MuhittinBuker"]
[Result "0-1"]
[WhiteElo "2432"]
[BlackElo "2253"]
[TimeControl "180+1"]
[EndTime "16:04:39 PDT"]
[Termination "MuhittinBuker won by checkmate"]

1. e4 e5 2. Nf3 Nc6 3. d4 exd4 4. Bc4 Nf6 5. Bg5 h6 6. Bh4 g5 7. Bg3 Nxe4 8. Qe2 d5 9. Bd3 Bg7 10. Bxe4 dxe4 11. Qxe4+ Be6 12. O-O O-O 13. Ne5 Bd5 14.
Qf5 Be6 15. Qe4 f5 16. Qe2 Bd5 17. f4 Nxe5 18. fxe5 f4 19. Bf2 c5 20. c3 Qb6 21.
cxd4 cxd4 22. Nc3 Bc6 23. Qc4+ Kh8 24. Bxd4 Qxb2 25. Rab1 Qxg2# 0-1

[Event "Late-Titled-Tuesday-Blitz-June-25-2024"]
[Site "Chess.com"]
[Date "2024.06.25"]
[Round "11"]
[White "IsaacWiebe"]
[Black "Brown_Mamba24"]
[Result "0-1"]
[WhiteElo "2384"]
[BlackElo "2566"]
[TimeControl "180+1"]
[EndTime "16:04:45 PDT"]
[Termination "Brown_Mamba24 won by resignation"]

1. e4 c5 2. Nf3 Nc6 3. Bb5 Nf6 4. Bxc6 dxc6 5. Nc3 Bg4 6. d3 Nd7 7. h3 Bh5 8. Bf4 f6 9. g4 Bf7 10. Qe2 e5 11.
Be3 c4 12. dxc4 Bc5 13. Bxc5 Nxc5 14. Nd2 Ne6 15. O-O-O Nd4 16. Qe3 Qe7 17. f4 O-O-O 18. fxe5 fxe5 19. Nf3 Nxf3 20. Qxf3 Bxc4 21. Rxd8+ Kxd8 22. Rd1+ Kc7 23. Qe3 b6 24. Ne2 Bxe2 25. Qxe2 Qg5+ 26.
Qd2 Qf4 27. Qxf4 exf4 28. Rf1 g5 29. Kd2 Kd6 30. Ke2 Ke5 31. Kf3 Rd8 32. Rf2 Rd1 33. c3 Rd3+ 34. Kg2 Kxe4 35. Re2+ Re3 36. Rd2 f3+ 37. Kf2 c5 38. Rd7 Re2+ 39. Kf1 Kf4 40.
Rxh7 Kg3 41. h4 Rxb2 0-1

[Event "Late-Titled-Tuesday-Blitz-June-25-2024"]
[Site "Chess.com"]
[Date "2024.06.25"]
[Round "11"]
[White "ShimogaTactician"]
[Black "howitzer14"]
[Result "0-1"]
[WhiteElo "2516"]
[BlackElo "3028"]
[TimeControl "180+1"]
[EndTime "16:04:47 PDT"]
[Termination "howitzer14 won by resignation"]

1. Nf3 g6 2. c4 Bg7 3. e4 d6 4. d4 Nf6 5. Nc3 O-O 6. Be2 e5 7. O-O c6 8. d5 Na6 9. Be3 Ng4 10. Bg5 f6 11. Bd2 f5 12. Ng5 Nf6 13. exf5 gxf5 14. Qc2 Qe8 15. f4 e4 16. Be3 Nc7 17. b4 h6 18. Nh3 cxd5 19. Rad1 Be6 20.
cxd5 Ncxd5 21. Nxd5 Nxd5 22. Qd2 Nxe3 23. Qxe3 d5 24.
Nf2 Qe7 25. a3 Rfd8 26. g4 d4 27. Qg3 d3 28. Nxd3 exd3 29. Bxd3 fxg4 30. f5 Bd4+ 0-1

[Event "Late-Titled-Tuesday-Blitz-June-25-2024"]
[Site "Chess.com"]
[Date "2024.06.25"]
[Round "11"]
[White "KaydenTroffChess"]
[Black "bazar-wokzal"]
[Result "1-0"]
[WhiteElo "2818"]
[BlackElo "2623"]
[TimeControl "180+1"]
[EndTime "16:04:49 PDT"]
[Termination "KaydenTroffChess won by checkmate"]

1. d4 Nf6 2. Nf3 e6 3. Bf4 c5 4. e3 b6 5. Nbd2 Bb7 6. Nc4 Ne4 7. Bd3 d5 8. Nce5 f6 9. Bb5+ Ke7 10. Ng5 fxg5 11.
Qh5 g6 12. Bxg5+ Nf6 13. Bxf6+ Kxf6 14. Qf3+ Kg7 15. Qf7+ Kh6 16. Ng4+ Kh5 17. Qf3 Ba6 18. Ne5+ Kh4 19. Qg4# 1-0

[Event "Late-Titled-Tuesday-Blitz-June-25-2024"]
[Site "Chess.com"]
[Date "2024.06.25"]
[Round "11"]
[White "Orest_Vovk"]
[Black "petr577"]
[Result "1-0"]
[WhiteElo "2555"]
[BlackElo "2382"]
[TimeControl "180+1"]
[EndTime "16:05:05 PDT"]
[Termination "Orest_Vovk won on time"]

1. h4 d5 2. h5 h6 3. e4 dxe4 4.
Nc3 Nf6 5. Qe2 Bd7 6. Nxe4 Nxe4 7. Qxe4 Bc6 8. Qe3 e6 9. Nf3 Nd7 10. d4 Be7 11. Ne5 Nxe5 12. dxe5 Qd5 13. Bd2 O-O-O 14. c4 Qd4 15. Qxd4 Rxd4 16. Bc3 Re4+ 17. Be2 Rd8 18.
Rd1 Rxd1+ 19. Kxd1 Bc5 20. f3 Rf4 21. Rh3 Bd4 22.
Bd2 Rf5 23. f4 Bxb2 24. g4 Bg2 25. Rg3 1-0

[Event "Late-Titled-Tuesday-Blitz-June-25-2024"]
[Site "Chess.com"]
[Date "2024.06.25"]
[Round "11"]
[White "Connectedcloud"]
[Black "bubeliang"]
[Result "0-1"]
[WhiteElo "2378"]
[BlackElo "2798"]
[TimeControl "180+1"]
[EndTime "16:05:07 PDT"]
[Termination "bubeliang won by resignation"]

1. Nf3 Nf6 2. c4 e6 3. d4 d5 4. Nc3 dxc4 5. e3 c5 6. Bxc4 cxd4 7. exd4 Be7 8. O-O O-O 9. a3 a6 10. Bg5 b5 11. Bb3 Bb7 12. Bc2 h6 13. Bf4 Nbd7 14.
Qd3 Nb6 15. Be5 g6 16. Bf4 Kg7 17. Ne5 Qe8 18. Rfe1 Nbd5 19. Bd2 Rc8 20. Qh3 Rh8 21. Rad1 Nxc3 22. bxc3 Nd5 23. Nxg6 fxg6 24. Rxe6 Rc6 25. Rde1 Bc8 26. Bb3 Rxe6 27. Rxe6 Nc7 28. Rxg6+ Qxg6 29. Qg3 Qxg3 30. hxg3 Be6 31. Bc2 Bxa3 32. Bf4 Rc8 33. Be5+ Kf7 34. Bf4 Nd5 35. Bxh6 Rxc3 36. Be4 Bc1 37.
Bxc1 Rxc1+ 0-1

[Event "Late-Titled-Tuesday-Blitz-June-25-2024"]
[Site "Chess.com"]
[Date "2024.06.25"]
[Round "11"]
[White "Chessmissile07"]
[Black "TERMINATOR_PC"]
[Result "0-1"]
[WhiteElo "2796"]
[BlackElo "2619"]
[TimeControl "180+1"]
[EndTime "16:05:11 PDT"]
[Termination "TERMINATOR_PC won by resignation"]

1. a3 a5 2. g3 h5 3. Nf3 d5 4.
Bg2 Nf6 5. d4 c6 6. Nbd2 Bf5 7.
c4 e6 8. O-O Nbd7 9. b3 Be7 10.
Bb2 Ne4 11. h3 Nxd2 12. Qxd2 Nf6 13. Ne5 Ne4 14. Qe1 Qb6 15. Qd1 f6 16. Nd3 Kf7 17. cxd5 exd5 18. Qc2 Bd6 19. Bc1 g5 20. Be3 Rae8 21.
Qc1 Qc7 22. Ra2 Qd7 23. f4 Nxg3 24. Ne5+ fxe5 25. fxe5 Nxf1 26. Qxf1 Kg6 27. Bxg5 Bxe5 28. dxe5 Kxg5 29. e4 dxe4 30. h4+ Kg6 31. Qf4 Qd1+ 32.
Kh2 Qg4 33. Qd2 Qxh4+ 34. Kg1 Rd8 35. Qe2 Qg4 36. Qe1 Rd1 0-1

[Event "Late-Titled-Tuesday-Blitz-June-25-2024"]
[Site "Chess.com"]
[Date "2024.06.25"]
[Round "11"]
[White "yaguigor"]
[Black "reevecanada"]
[Result "1-0"]
[WhiteElo "2580"]
[BlackElo "2685"]
[TimeControl "180+1"]
[EndTime "16:05:17 PDT"]
[Termination "yaguigor won by checkmate"]

1. e4 c5 2. Nf3 d6 3. d4 cxd4 4. Nxd4 Nf6 5. Nc3 a6 6. f3 e5 7. Nb3 Be6 8. Be3 Be7 9. Qd2 h5 10. Nd5 Bxd5 11. exd5 Nbd7 12. Be2 Rc8 13. c4 O-O 14. O-O e4 15. f4 Ng4 16. Bxg4 hxg4 17. Rac1 Nb6 18. Na5 Rb8 19. b4 f5 20. Rfd1 Nd7 21. c5 dxc5 22. d6 Bf6 23. bxc5 Qe8 24. Nxb7 Rxb7 25. Qd5+ Qf7 26. Qxb7 g3 27. c6 Qh5 28.
hxg3 Rb8 29. Qxd7 Qe2 30. Re1 Qxa2 31. c7 Rb2 32. c8=Q+ Kh7 33. Qxf5+ g6 34. Qh3+ Kg7 35.
Qhh8+ Kf7 36. Qce8# 1-0

[Event "Late-Titled-Tuesday-Blitz-June-25-2024"]
[Site "Chess.com"]
[Date "2024.06.25"]
[Round "11"]
[White "N_I_Chess"]
[Black "esskeettit"]
[Result "0-1"]
[WhiteElo "2276"]
[BlackElo "2497"]
[TimeControl "180+1"]
[EndTime "16:05:20 PDT"]
[Termination "esskeettit won on time"]

1. d4 Nf6 2. c4 e6 3. Nc3 Bb4 4.
Bd2 O-O 5. e3 b6 6. Bd3 Bb7 7.
Nf3 d6 8. Qc2 Nbd7 9. a3 Bxc3 10. Bxc3 Qe7 11. e4 e5 12. O-O a5 13. Rfe1 Rfe8 14. d5 a4 15. Qd2 Nc5 16. Bc2 Bc8 17. h3 h6 18. Re3 Nh5 19. Ne1 Nf4 20. Nd3 Ncxd3 21. Bxd3 h5 22. Bf1 h4 23. Qd1 Qg5 24. Kh2 Bd7 25. Qd2 g6 26. Qc1 Kg7 27. Bd2 Rh8 28.
Rg3 hxg3+ 29. fxg3 Qe7 30. gxf4 exf4 31. Bd3 f3 32.
Bc3+ f6 33. g4 Bxg4 34. Kg3 Rxh3+ 35. Kxg4 Rah8 36. Kf4 f2 0-1

[Event "Late-Titled-Tuesday-Blitz-June-25-2024"]
[Site "Chess.com"]
[Date "2024.06.25"]
[Round "11"]
[White "zajka-molotok"]
[Black "Meri-Arabidze"]
[Result "1-0"]
[WhiteElo "2588"]
[BlackElo "2699"]
[TimeControl "180+1"]
[EndTime "16:05:21 PDT"]
[Termination "zajka-molotok won by resignation"]

1. e4 c5 2. Nf3 e6 3. g3 d5 4. exd5 exd5 5. d4 cxd4 6. Nxd4 Nc6 7. Bg2 Bc5 8. Nxc6 bxc6 9. O-O Nf6 10. Re1+ Be6 11.
Be3 Bxe3 12. Rxe3 O-O 13. c3 Rb8 14. b3 c5 15. Nd2 d4 16. cxd4 cxd4 17. Re1 Bg4 18.
Nf3 Rb4 19. a3 Rb6 20. Qxd4 Bxf3 21. Qxd8 Rxd8 22. Bxf3 Rxb3 23. Bc6 g5 24. a4 h6 25. Rad1 Rxd1 26. Rxd1 Rc3 27. Bb5 a5 28. Rd6 Kg7 29. Ra6 Ne4 30. Rxa5 Rc1+ 31. Kg2 Rc2 32. Bd3 Rc5 33.
Rxc5 Nxc5 34. a5 Kf6 35. a6 1-0

[Event "Late-Titled-Tuesday-Blitz-June-25-2024"]
[Site "Chess.com"]
[Date "2024.06.25"]
[Round "11"]
[White "GoValya"]
[Black "ATM622"]
[Result "0-1"]
[WhiteElo "2239"]
[BlackElo "2523"]
[TimeControl "180+1"]
[EndTime "16:05:23 PDT"]
[Termination "ATM622 won by resignation"]

1. d4 g6 2. Nf3 Bg7 3. g3 Nf6 4. Bg2 O-O 5. O-O c6 6. c4 d5 7. Ne5 dxc4 8. Nc3 Nd5 9. Nxc4 Na6 10. e4 Nxc3 11. bxc3 Be6 12. Ne3 Qa5 13. Bd2 b5 14. d5 Bd7 15. c4 b4 16. Rb1 c5 17. Qc2 Rab8 18. f4 Bd4 19. Kh1 Qa4 20. Qxa4 Bxa4 21. e5 b3 22. axb3 Rxb3 23. Rxb3 Bxb3 24. Rc1 Nb4 25.
Bf1 a5 26. Bxb4 cxb4 27. Nc2 Bxc2 28. Rxc2 b3 29. Rc1 a4 30. Be2 a3 31. Bd1 b2 32. Rb1 a2 33. Bc2 a1=Q 0-1

[Event "Late-Titled-Tuesday-Blitz-June-25-2024"]
[Site "Chess.com"]
[Date "2024.06.25"]
[Round "11"]
[White "GM_dmitrij"]
[Black "HamedWafa4"]
[Result "1-0"]
[WhiteElo "2979"]
[BlackElo "2770"]
[TimeControl "180+1"]
[EndTime "16:05:28 PDT"]
[Termination "GM_dmitrij won by resignation"]

1. c4 e5 2. Nc3 Bb4 3. Nd5 Be7 4.
d4 d6 5. e4 Nc6 6. Nxe7 Ngxe7 7.
d5 Nd4 8. Be3 c5 9. dxc6 Nexc6 10.
Ne2 Bg4 11. Qd2 O-O 12. Bxd4 Nxd4 13. Nxd4 exd4 14. Qxd4 Qa5+ 15. Qd2 Qc5 16. Bd3 Be6 17. O-O Rac8 18. b3 a6 19. Rfd1 b5 20. cxb5 axb5 21.
Bf1 Rfd8 22. Rac1 Qe5 23. Rxc8 Bxc8 24. Qd4 Qh5 25. e5 d5 26. Bxb5 Bg4 27. Re1 Be6 28. a4 Rc8 29. a5 Qf5 30. Bd3 Qg5 31. h4 Qd8 32. b4 Qc7 33. Ra1 Rb8 34. b5 Qd8 35. b6 1-0

[Event "Late-Titled-Tuesday-Blitz-June-25-2024"]
[Site "Chess.com"]
[Date "2024.06.25"]
[Round "11"]
[White "FMOlexandrProhorov"]
[Black "PawnEatingZombie"]
[Result "1-0"]
[WhiteElo "2363"]
[BlackElo "2276"]
[TimeControl "180+1"]
[EndTime "16:05:28 PDT"]
[Termination "FMOlexandrProhorov won by resignation"]

1. e4 c5 2. c3 Nf6 3. e5 Nd5 4. Nf3 e6 5. Bc4 d6 6. d4 cxd4 7. cxd4 Be7 8. Qe2 O-O 9. O-O Bd7 10. Rd1 Bc6 11. Nc3 Nxc3 12. bxc3 Qc7 13. Bf4 Nd7 14. Bd3 dxe5 15. Nxe5 Nxe5 16. Bxe5 Bd6 17. Bxd6 Qxd6 18. c4 g6 19. Rab1 b6 20. Qe3 Rfd8 21. Be2 Rac8 22. Rbc1 Ba4 23. Rd3 Rc7 24. h4 Rdc8 25.
Rdc3 Qf8 26. h5 Bc6 27. h6 Qe7 28. Qe5 Qf8 29. Qf4 Bb7 30. Rd1 Rd8 31. Qxc7 1-0

[Event "Late-Titled-Tuesday-Blitz-June-25-2024"]
[Site "Chess.com"]
[Date "2024.06.25"]
[Round "11"]
[White "KorolDimitriy75"]
[Black "vova-79"]
[Result "0-1"]
[WhiteElo "2422"]
[BlackElo "2589"]
[TimeControl "180+1"]
[EndTime "16:05:29 PDT"]
[Termination "vova-79 won on time"]

1. d4 d5 2. c4 c6 3. Nc3 Nf6 4. e3 e6 5. Nf3 Nbd7 6. Bd3 Be7 7.
O-O O-O 8. e4 dxe4 9. Nxe4 c5 10. Nxc5 Nxc5 11. dxc5 Bxc5 12. Bg5 h6 13. Bh4 b6 14.
Qe2 Bb7 15. Rad1 Qc7 16. Ne5 Rfd8 17. Bxf6 gxf6 18. Qg4+ Kf8 19. Nf3 Ke7 20. Rfe1 Rg8 21. Qh3 Qf4 22. Nh4 Bxf2+ 23. Kh1 Qxh4 24. Be4 Qxh3 25. gxh3 Bxe1 0-1

[Event "Late-Titled-Tuesday-Blitz-June-25-2024"]
[Site "Chess.com"]
[Date "2024.06.25"]
[Round "11"]
[White "Mikhail_Golubev"]
[Black "Arystanner"]
[Result "1-0"]
[WhiteElo "2694"]
[BlackElo "2829"]
[TimeControl "180+1"]
[EndTime "16:05:30 PDT"]
[Termination "Mikhail_Golubev won by resignation"]

1. e4 c6 2. d4 d5 3. Nc3 dxe4 4. Nxe4 Nf6 5. Nxf6+ exf6 6. c3 a5 7. Bd3 Na6 8. Ne2 g6 9. h4 Bg4 10. f3 Be6 11. h5 g5 12. O-O Nc7 13. f4 Be7 14. fxg5 fxg5 15. Ng3 Nd5 16. Nf5 Bxf5 17. Bxf5 Qd6 18.
c4 Nf4 19. Bxf4 gxf4 20. c5 Qh6 21. Qg4 Kf8 22. Rxf4 Rg8 23. Qf3 Rd8 24. Bg6 hxg6 25. Rxf7+ Ke8 26. Re1 Qg5 27. Qf4 Rd5 28. Qxg5 Rxg5 29.
Rexe7+ Kd8 30. Rxb7 Kc8 31. h6 Rh5 32. h7 Rh8 33. Rg7 g5 34. Ra7 Kb8 35. Raf7 1-0

[Event "Late-Titled-Tuesday-Blitz-June-25-2024"]
[Site "Chess.com"]
[Date "2024.06.25"]
[Round "11"]
[White "Veleamater"]
[Black "Sasha_Solovev_777"]
[Result "0-1"]
[WhiteElo "2392"]
[BlackElo "2283"]
[TimeControl "180+1"]
[EndTime "16:05:31 PDT"]
[Termination "Sasha_Solovev_777 won by checkmate"]

1. g3 Nf6 2. Bg2 g6 3. d3 Bg7 4. e4 d6 5. Nc3 c5 6. h3 Nc6 7.
f4 O-O 8. Nf3 Rb8 9. g4 Nd4 10.
O-O b5 11. Ne2 Nxf3+ 12. Bxf3 Bb7 13. g5 Nd7 14. Ng3 f5 15. gxf6 Nxf6 16. f5 Nd7 17. Rb1 Ne5 18. Bg4 d5 19. Bf4 dxe4 20. Nxe4 gxf5 21.
Bxe5 fxe4 22. Be6+ Kh8 23. Bxg7+ Kxg7 24. Qg4+ Kh8 25.
dxe4 Qd4+ 26. Kh2 Qe5+ 27. Kg1 Rg8 28. Bxg8 Rxg8 29. Rbd1 Rxg4+ 30. hxg4 Qxe4 31. Kf2 Qf3+ 32. Ke1 Qe3# 0-1

[Event "Late-Titled-Tuesday-Blitz-June-25-2024"]
[Site "Chess.com"]
[Date "2024.06.25"]
[Round "11"]
[White "Gyulamiryan-koryun"]
[Black "carloseduar100"]
[Result "0-1"]
[WhiteElo "1822"]
[BlackElo "2263"]
[TimeControl "180+1"]
[EndTime "16:05:33 PDT"]
[Termination "carloseduar100 won by resignation"]

1. e4 e5 2. f4 exf4 3. Nf3 d5 4.
e5 c5 5. c3 Nc6 6. d4 cxd4 7.
cxd4 g5 8. h4 g4 9. Ng1 Qb6 10.
Ne2 f3 11. gxf3 gxf3 12. Nf4 Qxd4 13. Qxd4 Nxd4 14. Bd3 Ne7 15. Nc3 Be6 16. Be3 Ndc6 17. Nb5 O-O-O 18. Nxe6 fxe6 19. Nd6+ Kc7 20. Nf7 Bg7 21.
Nxd8 Rxd8 22. Bxh7 Bxe5 23. Kf2 Bxb2 24. Rab1 Bd4 25.
Rhc1 Bxe3+ 26. Kxe3 Rf8 27. Bd3 b6 28. h5 Kd6 29. h6 Ne5 30. Bb5 Ng4+ 31. Kd2 Nxh6 32. Rc7 Nhf5 33. Rd7+ Ke5 34. Re1+ Kf6 35. Rxa7 Nd4 36.
Bf1 Nef5 37. Rb7 b5 38. Rb6 Rc8 39. Rc1 Ra8 40. Bxb5 Rxa2+ 41. Kc3 Nxb5+ 42. Rxb5 f2 43. Rb2 Rxb2 44. Kxb2 Ng3 45. Kc3 f1=Q 46. Rxf1+ Nxf1 47. Kd3 e5 48. Ke2 Ng3+ 49. Kf3 Nf5 0-1

[Event "Late-Titled-Tuesday-Blitz-June-25-2024"]
[Site "Chess.com"]
[Date "2024.06.25"]
[Round "11"]
[White "jinxy2009"]
[Black "Jahonas"]
[Result "0-1"]
[WhiteElo "2261"]
[BlackElo "2420"]
[TimeControl "180+1"]
[EndTime "16:05:35 PDT"]
[Termination "Jahonas won by resignation"]

1. c4 Nf6 2. Nf3 e6 3. g3 d5 4. Bg2 Be7 5. O-O O-O 6. b3 b6 7.
Bb2 Bb7 8. d3 Nc6 9. a3 a5 10.
Qc2 Qd7 11. e3 Rfd8 12. Nc3 dxc4 13. dxc4 Qd3 14. Rac1 Qxc2 15. Rxc2 Nd7 16. Rd2 Nc5 17. Rfd1 Nxb3 18. Rxd8+ Rxd8 19. Rxd8+ Nxd8 20. Nb5 c6 21. Nbd4 Nxd4 22. Nxd4 Kf8 23. Kf1 Ke8 24. Ke2 Kd7 25.
Kd2 Bf6 26. Bc1 Ba6 27. Bf1 Nb7 28. g4 Nd6 29. Be2 Bxd4 30. exd4 Bxc4 31. Bxc4 Nxc4+ 32. Kc3 b5 33. h4 Kd6 34. h5 g6 35. hxg6 hxg6 36. f4 Kd5 37. Kd3 f5 38. gxf5 exf5 39. Kc3 Nxa3 40. Bxa3 b4+ 41. Kb3 bxa3 42. Kxa3 Kxd4 43.
Ka4 Ke4 44. Kxa5 Kxf4 45. Kb6 Ke3 46. Kxc6 f4 47. Kd5 g5 48. Ke5 g4 49. Ke6 g3 50.
Ke5 g2 51. Ke6 g1=Q 52. Ke5 Qg5+ 53. Ke6 f3 54. Kd6 f2 55. Ke6 f1=Q 0-1

[Event "Late-Titled-Tuesday-Blitz-June-25-2024"]
[Site "Chess.com"]
[Date "2024.06.25"]
[Round "11"]
[White "alexrustemov"]
[Black "Denmark2015"]
[Result "1-0"]
[WhiteElo "2830"]
[BlackElo "2629"]
[TimeControl "180+1"]
[EndTime "16:05:45 PDT"]
[Termination "alexrustemov won on time"]

1. d4 e6 2. c4 f5 3. Nf3 Nf6 4.
g3 Be7 5. Bg2 d5 6. O-O Ne4 7. b3 Nc6 8. Ba3 Bf6 9. e3 h5 10. h4 g5 11. hxg5 Bxg5 12. Nxg5 Qxg5 13. Nd2 Bd7 14. Nf3 Qg7 15. Nh4 O-O-O 16. Qf3 Rdg8 17.
Qf4 Qf6 18. Bf3 a5 19. Kg2 Rg4 20. Bxg4 hxg4 21. Rh1 Rg8 22. Rac1 Ng5 23. cxd5 exd5 24. Rxc6 bxc6 25. Qe5 Qxe5 26. dxe5 Nf7 27. Bb2 Re8 28. Ng6 Re6 29. Nf4 Re8 30. Nd3 Ng5 31. Bc3 Nf3 32. Rh7 a4 33. Nc5 Rd8 34. e6 Be8 35. Ba5 1-0

[Event "Late-Titled-Tuesday-Blitz-June-25-2024"]
[Site "Chess.com"]
[Date "2024.06.25"]
[Round "11"]
[White "mostafa_sakha"]
[Black "GMsKoRPioN"]
[Result "0-1"]
[WhiteElo "2416"]
[BlackElo "2589"]
[TimeControl "180+1"]
[EndTime "16:05:49 PDT"]
[Termination "GMsKoRPioN won on time"]

1. d4 g6 2. e4 Bg7 3. Nf3 d6 4.
Bc4 Nf6 5. Qe2 Nc6 6. c3 e5 7. O-O O-O 8. Rd1 Re8 9. dxe5 Nxe5 10. Nxe5 Rxe5 11. Nd2 Qe7 12. Qd3 Nxe4 13. Nxe4 Rxe4 14. Bg5 Qe5 15. Bd5 Rg4 16. f4 Qf5 17. Be4 Qc5+ 18. Kh1 h6 19. h3 hxg5 20. hxg4 Bxg4 21. Bf3 Bf5 22. Qd5 gxf4 23. Qxc5 dxc5 24. Bxb7 Rb8 25. Bf3 Rxb2 26. Rd8+ Kh7 27. a4 g5 28. a5 g4 29. Bd5 Bxc3 30. Rf1 Be5 31. Bxf7 f3 32. gxf3 g3 33. Re1 Rh2+ 34. Kg1 Bd4+ 35. Rxd4 cxd4 36. a6 d3 37. Bd5 d2 38. Rd1 Kg6 0-1

[Event "Late-Titled-Tuesday-Blitz-June-25-2024"]
[Site "Chess.com"]
[Date "2024.06.25"]
[Round "11"]
[White "RodriQA"]
[Black "Onthequiet"]
[Result "1-0"]
[WhiteElo "2421"]
[BlackElo "2311"]
[TimeControl "180+1"]
[EndTime "16:05:50 PDT"]
[Termination "RodriQA won by resignation"]

1. d4 d5 2. Bf4 c6 3. Nc3 Bf5 4. e3 Nd7 5. f3 e6 6. g4 Bg6 7. h4 h5 8. g5 Ne7 9. Nh3 Nf5 10. e4 Nxh4 11. Bg3 Nxf3+ 12. Qxf3 Qb6 13. O-O-O Bb4 14. Bd3 Bxc3 15. bxc3 Qa5 16. Kd2 c5 17. exd5 cxd4 18. Bxg6 fxg6 19. dxe6 dxc3+ 20. Qxc3 Qxc3+ 21. Kxc3 Rc8+ 22.
Kb2 Nb6 23. Nf4 Nc4+ 24. Kb3 Na5+ 25. Kb4 Nc6+ 26. Ka3 O-O 27. Nxg6 Rf3+ 28. Rd3 Rf5 29. Rxh5 Ra5+ 30. Kb2 1-0

[Event "Late-Titled-Tuesday-Blitz-June-25-2024"]
[Site "Chess.com"]
[Date "2024.06.25"]
[Round "11"]
[White "Pachonpower"]
[Black "campochess"]
[Result "1-0"]
[WhiteElo "2470"]
[BlackElo "2251"]
[TimeControl "180+1"]
[EndTime "16:05:54 PDT"]
[Termination "Pachonpower won by resignation"]

1. d4 Nf6 2. Nf3 g6 3. Nc3 d5 4. Bf4 c6 5. Ne5 Nbd7 6. Qd2 h6 7. O-O-O Bg7 8. f3 Nb6 9. h4 Nfd7 10. e4 Nxe5 11. dxe5 Be6 12. Qe3 Qc7 13. exd5 Nxd5 14. Nxd5 cxd5 15. Bb5+ Kf8 16. Kb1 Rc8 17. Bd3 Qc5 18.
Qxc5 Rxc5 19. Be3 Ra5 20. f4 f6 21. Bd4 Kf7 22. Rhg1 h5 23. g3 Rc8 24. a3 Bf5 25. Bxf5 gxf5 26. Bc3 Rac5 27. Bb4 Rc4 28. Rxd5 Rxc2 29.
Rd7 Bf8 30. Rxb7 R8c7 31. Rxc7 Rxc7 32. exf6 Kxf6 33. Re1 Kf7 34. Re5 Kf6 35. Bc3 Kg6 36.
Re6+ Kf7 37. Ra6 e6 38. Bd4 Bc5 39. Bxc5 Rxc5 40. Rxa7+ Kf6 41. Rd7 Rc4 42. Rd3 Re4 43. b3 e5 44. fxe5+ Kxe5 45. a4 f4 46. gxf4+ Rxf4 47. Rh3 Kf5 48. a5 Kg4 49. Rc3 Kxh4 50. Rc4 1-0

[Event "Late-Titled-Tuesday-Blitz-June-25-2024"]
[Site "Chess.com"]
[Date "2024.06.25"]
[Round "11"]
[White "Tigranpatagonian"]
[Black "MaestroCheck"]
[Result "0-1"]
[WhiteElo "2470"]
[BlackElo "2647"]
[TimeControl "180+1"]
[EndTime "16:05:57 PDT"]
[Termination "MaestroCheck won on time"]

1. d4 d5 2. c4 c6 3. Nf3 Nf6 4. Nc3 e6 5. Bg5 Be7 6. e3 O-O 7. Qc2 h6 8. h4 Nbd7 9. O-O-O dxc4 10. Bxc4 Nd5 11. Ne4 b5 12. Bb3 Nb4 13. Qd2 hxg5 14. hxg5 g6 15. Nf6+ Nxf6 16. gxf6 Bxf6 17. Qxb4 a5 18.
Qc5 Qe7 19. Qxe7 Bxe7 20. Kb1 Bb7 21. Ne5 Rfd8 22. Rc1 Rac8 23. Nd3 c5 24. Nxc5 Bxg2 25. Rhg1 Ba8 26. a4 bxa4 27. Nxa4 Rb8 28. Ka2 Rb4 29. Rc7 Bd6 30. Ra7 Rdb8 31. Bc2 Bd5+ 32. Ka1 Bc6 33. Nc3 Rxb2 34. Be4 Bb4 35. Nd1 Bxe4 36. Nxb2 Bc3 37. Rxa5 Bxa5 0-1

[Event "Late-Titled-Tuesday-Blitz-June-25-2024"]
[Site "Chess.com"]
[Date "2024.06.25"]
[Round "11"]
[White "nindjaxx8"]
[Black "josiur"]
[Result "1-0"]
[WhiteElo "2701"]
[BlackElo "2473"]
[TimeControl "180+1"]
[EndTime "16:05:57 PDT"]
[Termination "nindjaxx8 won by resignation"]

1. d4 d5 2. c4 e6 3. Nc3 a6 4.
cxd5 exd5 5. Bf4 Nf6 6. e3 Bd6 7. Nf3 Bxf4 8. exf4 O-O 9. Be2 Re8 10. O-O c6 11. Bd3 Bg4 12. h3 Bxf3 13. Qxf3 Nbd7 14. Rfe1 Qb6 15. Ne2 Qxb2 16. Reb1 Qd2 17. Rxb7 c5 18. Ng3 c4 19. Bf5 Nf8 20. Rd1 Qxa2 21. Nh5 Nxh5 22. Qxh5 g6 23. Qh4 Qa5 24. Qf6 Re1+ 25. Kh2 Nd7 26.
Rxd7 Rf8 27. Rxe1 Qxe1 28. Rxf7 Rxf7 29. Be6 Qxe6 30. Qxe6 Kg7 31. Qxd5 c3 32. Qc5 1-0